 Dungeon Crawl Stone Soup version 0.28-a0-1638-g9123634e07 (webtiles) character file.

Game seed: 6031854042921322609

863 testman the Shooter (level 8, -1/60 HPs)
             Began as a Gnoll Wanderer on Jan 25, 2022.
             Was a Believer of Qazlal.
             Succumbed to an orc priest's poison
             ... on level 5 of the Dungeon.
             The game lasted 00:21:08 (6279 turns).

testman the Shooter (Gnoll Wanderer)                Turns: 6279, Time: 00:21:08

Health: -1/60      AC: 12    Str: 15    XL:     8   Next: 3%
Magic:  10/14      EV:  5    Int:  8    God:    Qazlal [**....]
Gold:   196        SH: 11    Dex: 14    Spells: 14/15 levels left

rFire   + . .      SeeInvis .   o - +1 spear (flame)
rCold   . . .      Faith    .   x - +0 kite shield "Xeen" {-Tele rF+ rCorr}
rNeg    . . .      Spirit   .   v - +1 chain mail "Vampoizif" {Rampage rPois Stlth-}
rPois   +          Reflect  .   d - +0 helmet
rElec   .          Harm     .   B - +0 cloak
rCorr   +          Rampage  +   (no gloves)
Will    .....      NoTele   +   (no boots)
Stlth   ..........              (no amulet)
HPRegen 0.20/turn               (no ring)
MPRegen 0.14/turn               (no ring)

@: lethally poisoned (-1 -> -11)
A: fangs 1, strong nose, distributed training
a: Renounce Religion, Upheaval


You were on level 5 of the Dungeon.
You worshipped Qazlal.
Qazlal was pleased with you.
You visited 1 branch of the dungeon, and saw 5 of its levels.

You collected 196 gold pieces.

Inventory:

Hand Weapons
 a - a +2 shortbow
 e - a +3 dagger of venom
 m - a +1 dagger of draining
 o - a +1 spear of flaming (weapon)
 u - a +2 dagger of holy wrath
Missiles
 b - 14 arrows
 c - 10 poisoned darts (quivered)
 h - 4 javelins
 j - 133 stones
 k - 47 sling bullets
 y - 2 throwing nets
Armour
 d - a +0 helmet (worn)
 v - the +1 chain mail "Vampoizif" (worn) {Rampage rPois Stlth-}
   (You found it on level 3 of the Dungeon)

   rPois:     It protects you from poison.
   Rampage:   It bestows one free step when moving towards enemies.
   Stlth:     It makes you less stealthy.
 x - the +0 kite shield "Xeen" (worn) {-Tele rF+ rCorr}
   (You found it on level 4 of the Dungeon)

   rF:        It protects you from fire.
   -Tele:     It prevents most forms of teleportation.
   rCorr:     It protects you from acid and corrosion.
 B - a +0 cloak (worn)
 C - the +1 robe of Intuition {*Slow rC+ Dex+5}
   (You found it on level 5 of the Dungeon)

   Dex:       It affects your dexterity (+5).
   rC:        It protects you from cold.
   *Slow:     It may slow you when you take damage.
Wands
 w - a wand of acid (7)
 A - a wand of polymorph (12)
Scrolls
 f - 2 scrolls of teleportation {unknown}
 g - 2 scrolls of noise {unknown}
 l - a scroll of summoning {unknown}
 n - a scroll of acquirement {unknown}
 r - 5 scrolls of identify {unknown}
 t - a scroll of brand weapon {unknown}
 z - a scroll of enchant armour {unknown}
Potions
 i - 2 potions of lignification {unknown}
 p - 2 potions of curing {unknown}
 q - a potion of flight {unknown}
 s - a potion of degeneration {unknown}


   Skills:
 + Level 3.9 Fighting
 + Level 2.8 Short Blades
 + Level 2.8 Long Blades
 + Level 2.8 Axes
 + Level 2.8 Maces & Flails
 + Level 2.8 Polearms
 + Level 2.8 Staves
 + Level 2.8 Slings
 + Level 7.2 Bows
 + Level 2.8 Crossbows
 + Level 3.9 Throwing
 + Level 3.9 Armour
 + Level 2.8 Dodging
 + Level 2.8 Stealth
 + Level 2.8 Shields
 + Level 2.8 Unarmed Combat
 + Level 4.0 Spellcasting
 + Level 2.3 Conjurations
 + Level 2.3 Hexes
 + Level 2.3 Summonings
 + Level 2.3 Necromancy
 + Level 3.2 Translocations
 + Level 2.3 Transmutations
 + Level 2.3 Fire Magic
 + Level 2.3 Ice Magic
 + Level 2.3 Air Magic
 + Level 2.3 Earth Magic
 + Level 2.3 Poison Magic
 + Level 4.1 Invocations
 + Level 3.9 Evocations


You had 14 spell levels left.
You knew the following spells:

 Your Spells              Type           Power      Damage    Failure   Level
a - Apportation           Tloc           12%        N/A       99%         1

Your spell library contained the following spells:

 Spells                   Type           Power      Damage    Failure   Level
 Beastly Appendage        Tmut           10%        N/A       100%        1
 Magic Dart               Conj           20%        1d4       100%        1
 Call Imp                 Summ           5%         N/A       100%        2
 Ensorcelled Hibernation  Hex/Ice        10%        N/A       100%        2
 Sublimation of Blood     Necr           5%         N/A       100%        2
 Wereblood                Tmut           5%         N/A       100%        2
 Gell's Gravitas          Tloc           6%         N/A       100%        3
 Mephitic Cloud           Conj/Pois/Air  5%         N/A       100%        3
 Spider Form              Tmut/Pois      5%         N/A       100%        3
 Anguish                  Hex/Necr       2%         N/A       100%        4
 Petrify                  Tmut/Erth      5%         N/A       100%        4
 Irradiate                Conj/Tmut      2%         3d14      100%        5
 Summon Hydra             Summ           2%         N/A       100%        7


Dungeon Overview and Level Annotations

Branches:
Dungeon (5/15)
 Temple: D:4-7

Altars:
Qazlal

Shops:
D:1 ?

Annotations:
D:3 3 runed translucent doors, bande's ghost, amateur GrFi


Innate Abilities, Weirdness & Mutations

You have very sharp teeth.
Your uncanny sense of smell can sniff out nearby items.
Your experience applies equally to all skills.


Message History

The orc priest is severely wounded.
The orc priest invokes the aid of Beogh against you.
Pain shoots through your body!
The orc priest drinks a potion.
The orc priest seems to grow stronger.
The orc priest hits you but does no damage.
You hit the orc priest but do no damage.
The orc priest is severely wounded.
The orc priest hits you but does no damage.
The orc priest casts a cantrip, but nothing happens.
The orc priest invokes the aid of Beogh against you.
Pain shoots through your body!
* * * LOW HITPOINT WARNING * * *
You hit the orc priest. You burn the orc priest.
The orc priest is severely wounded.
The orc priest barely misses you.
The orc priest miscasts a cantrip.
The orc priest hits you but does no damage.
Aiming: Upheaval
Press: ? - help, Dir - move target, f - orc priest
Aim: an orc priest, wielding a +0 whip (strong) Magma suddenly erupts from the ground!
The blast of magma engulfs the orc priest!!
You kill the orc priest!
Qazlal accepts your kill.
The orc wizard gestures wildly while chanting.
The orc wizard flickers and vanishes!
Deactivating autopickup; reactivate with Ctrl-A.
You block the orc priest's attack.
You have reached level 8!
You feel stronger.
You hit the orc priest. You burn the orc priest.
The orc priest is almost dead.
The orc priest hits you but does no damage.
You are poisoned.
The orc priest calls down the wrath of Beogh upon you.
Beogh smites you!
* * * LOW HITPOINT WARNING * * *
You closely miss the orc priest. You bite the orc priest.
The orc priest is almost dead.
You die...

... ..#
...####'##
.........#
.........######
.^.............
#.....)..##
#.......)≈#
#.......#o#
#########@###
#....§...#
#........#
#........# #.#
#........#
##'####
#........###+##
......#
#.............#
......#
######........#
......#
#........#


You could see an orc priest (fast).

Vanquished Creatures
  Sigmund (D:3)
  A sky beast (D:5)
  2 ogres (D:5)
  A water moccasin skeleton (D:5)
  A howler monkey (D:4)
  A jelly (D:5)
  An orc priest (D:5)
  Crazy Yiuf (D:4)
  Terence (D:2)
  Robin (D:2)
  8 gnolls
  6 adders
  An ufetubus (D:5)
  An adder skeleton (D:4)
  A worm (D:2)
  3 dart slugs
  4 orcs
  7 endoplasms
  3 giant cockroaches
  8 hobgoblins
  6 jackals (D:1)
  3 kobolds
  6 quokkas
  7 ball pythons
  3 bats
  14 goblins
92 creatures vanquished.

Notes
Turn   | Place    | Note
-------+----------+-------------------------------------------
     0 | D:1      | testman the Gnoll Wanderer began the quest for the Orb.
     0 | D:1      | testman set off with the following items: a +2 shortbow, 19
                  | arrows, 10 poisoned darts, a +0 dagger, a +0 leather
                  | armour; and the following spell memorised: Apportation; and
                  | the following spells available to memorise: Gell's Gravitas
     0 | D:1      | Reached XP level 1. HP: 17/17 MP: 4/4
   287 | D:1      | Reached XP level 2. HP: 23/23 MP: 5/5
   332 | D:1      | Found Ytacran's Magic Scroll Shoppe.
   378 | D:1      | Found a faded altar of an unknown god.
   389 | D:1      | Prayed at the altar of an unknown god.
   389 | D:1      | Became a worshipper of Qazlal Stormbringer
   389 | D:1      | Reached * piety under Qazlal
   849 | D:1      | Reached XP level 3. HP: 28/28 MP: 7/7
  1644 | D:2      | Noticed Robin
  1957 | D:1      | Reached skill level 1 in Short Blades
  1957 | D:1      | Reached skill level 1 in Long Blades
  1957 | D:1      | Reached skill level 1 in Axes
  1957 | D:1      | Reached skill level 1 in Maces & Flails
  1957 | D:1      | Reached skill level 1 in Polearms
  1957 | D:1      | Reached skill level 1 in Staves
  1957 | D:1      | Reached skill level 1 in Slings
  1957 | D:1      | Reached skill level 1 in Crossbows
  1957 | D:1      | Reached skill level 1 in Dodging
  1957 | D:1      | Reached skill level 1 in Stealth
  1957 | D:1      | Reached skill level 1 in Shields
  1957 | D:1      | Reached skill level 1 in Unarmed Combat
  2272 | D:2      | Killed Robin
  2273 | D:2      | Reached XP level 4. HP: 28/32 MP: 8/8
  2377 | D:2      | Noticed Terence
  2379 | D:2      | Killed Terence
  2380 | D:2      | Reached skill level 1 in Conjurations
  2380 | D:2      | Reached skill level 1 in Hexes
  2380 | D:2      | Reached skill level 1 in Summonings
  2380 | D:2      | Reached skill level 1 in Necromancy
  2380 | D:2      | Reached skill level 1 in Transmutations
  2380 | D:2      | Reached skill level 1 in Fire Magic
  2380 | D:2      | Reached skill level 1 in Ice Magic
  2380 | D:2      | Reached skill level 1 in Air Magic
  2380 | D:2      | Reached skill level 1 in Earth Magic
  2380 | D:2      | Reached skill level 1 in Poison Magic
  2486 | D:2      | Reached ** piety under Qazlal
  2642 | D:2      | Reached XP level 5. HP: 40/40 MP: 9/9
  2904 | D:3      | Found a runed translucent gate.
  2905 | D:3      | Found a runed translucent gate.
  2907 | D:3      | Found a runed translucent gate.
  2908 | D:3      | Noticed bande's ghost (amateur GrFi)
  2960 | D:3      | Noticed Sigmund
  2982 | D:3      | Killed Sigmund
  2983 | D:3      | Reached XP level 6. HP: 16/47 MP: 9/11
  3427 | D:3      | Identified the +1 chain mail "Vampoizif" {Rampage rPois
                  | Stlth-}
  4577 | D:4      | Identified the +0 kite shield "Xeen" {-Tele rF+ rCorr}
  4922 | D:4      | Reached XP level 7. HP: 52/52 MP: 12/12
  5068 | D:4      | Found a runed translucent door.
  5069 | D:4      | Noticed Crazy Yiuf
  5081 | D:4      | Killed Crazy Yiuf
  5293 | D:5      | Entered Level 5 of the Dungeon
  5306 | D:5      | Identified the +1 robe of Intuition {*Slow rC+ Dex+5}
  5331 | D:5      | Reached skill level 7 in Bows
  6278 | D:5      | Reached XP level 8. HP: 15/60 MP: 10/14
  6278 | D:5      | HP: 2/60 [orc priest/divine providence (13)]
  6279 | D:5      | Succumbed to an orc priest's poison

Illustrated notes

Levels and vault maps discovered:
D:1:      matt_arrival_refuge, layout_basic, serial_shops, shop,
          ebering_ecumenical_altar_sacrificial
D:2:      layout_basic, uniq_terence, uniq_robin
D:3:      layout_basic, gammafunk_ghost_split, uniq_sigmund
D:4:      layout_loops_ring, uniq_crazy_yiuf_cottage
D:5:      layout_basic, doesnt_xom_only_xom, minmay_temple_entry_butterflies

Skill      XL: |  1  2  3  4  5  6  7 |
---------------+----------------------+-----
Translocations | 2 3 |  3.2
Short Blades   | 1 2 |  2.8
Long Blades    | 1 2 |  2.8
Axes           | 1 2 |  2.8
Maces & Flails | 1 2 |  2.8
Polearms       | 1 2 |  2.8
Staves         | 1 2 |  2.8
Slings         | 1 2 |  2.8
Crossbows      | 1 2 |  2.8
Dodging        | 1 2 |  2.8
Stealth        | 1 2 |  2.8
Shields        | 1 2 |  2.8
Unarmed Combat | 1 2 |  2.8
Spellcasting   | 3 4 |  4.0
Conjurations   | 1 2 |  2.3
Hexes          | 1 2 |  2.3
Summonings     | 1 2 |  2.3
Necromancy     | 1 2 |  2.3
Transmutations | 1 2 |  2.3
Fire Magic     | 1 2 |  2.3
Ice Magic      | 1 2 |  2.3
Air Magic      | 1 2 |  2.3
Earth Magic    | 1 2 |  2.3
Poison Magic   | 1 2 |  2.3
Invocations    | 3 4 |  4.1
Fighting       | 3 |  3.9
Throwing       | 3 |  3.9
Armour         | 3 |  3.9
Evocations     | 3 |  3.9
Bows           | 7 |  7.2

Action                   |  1- 3 |  4- 6 |  7- 9 || total
-------------------------+-------+-------+-------++-------
Melee: Dagger            |   181 |   147 |       ||   328
       Bite              |    20 |    22 |    15 ||    57
       Punch             |     5 |     5 |       ||    10
       Spear             |       |    38 |    69 ||   107
       Unarmed           |       |       |     1 ||     1
 Fire: Shortbow          |    20 |    11 |       ||    31
Throw: Dart              |     1 |       |     1 ||     2
Invok: Upheaval          |       |       |     1 ||     1
Armor: Leather armour    |    44 |       |       ||    44
       Chain mail        |       |   101 |    25 ||   126
Dodge: Dodged            |   104 |    43 |     9 ||   156
Block: Other             |     9 |     9 |       ||    18
       Kite shield       |       |    17 |    40 ||    57

Table legend: (Time is in decaauts)
 A = Elapsed time spent in this place.
 B = Non-inter-level travel time spent in this place.
 C = Inter-level travel time spent in this place.
 D = Time resting spent in this place.
 E = Time spent auto-exploring this place.
 F = Levels seen in this place.
 G = Mean time per level.
                   A        B        C        D        E       F      G
               +--------+--------+--------+--------+--------+-----+--------+
         Total |   6277 |   6202 |     75 |   2079 |   3070 |   5 | 1255.4 |
       Dungeon |   6277 |   6202 |     75 |   2079 |   3070 |   5 | 1255.4 |
               +--------+--------+--------+--------+--------+-----+--------+

Top non-repeatable levels by time:
     D:1: 1952 daAuts
     D:3: 1585 daAuts
     D:4: 1035 daAuts
     D:2: 938 daAuts
     D:5: 763 daAuts
